 Dungeon Crawl Stone Soup version 0.30-a0-824-g6c64550be9 (webtiles) character file.

Game seed: 17689248053521090859

102228 freelancePsychic the Fighter (level 16, -1/157 (170) HPs)
             Began as a Human Hedge Wizard on Feb 24, 2023.
             Was the Champion of Ru.
             Slain by an earth elemental (7 damage)
             ... summoned by a deep elf elementalist
             ... on level 2 of the Elven Halls on Feb 27, 2023.
             The game lasted 00:48:52 (26528 turns).

freelancePsychic the Fighter (Human Hedge Wizard)  Turns: 26528, Time: 00:48:53

HP:   -1/157 (170)  AC: 27    Str: 11    XL:     16   Next: 85%
MP:   0/16          EV: 23    Int: 20    God:    Ru [******]
Gold: 2323          SH:  0    Dex: 17    Spells: 9/21 levels left

rFire   . . .      SeeInvis .    q - +6 shillelagh "Devastator" {shatter}
rCold   . . .      Faith    .    T - orb {light}
rNeg    + . .      Spirit   +    (body armour currently unavailable)
rPois   ∞          Reflect  .    E - +2 hat of the Bear Spirit {Spirit, Bear, *Rage Will++}
rElec   +          Harm     .    I - +2 cloak
rCorr   .          Rampage  .    (gloves currently unavailable)
Will    +++..      Rage     20%  (boots currently unavailable)
Stlth   ++                       Q - amulet of regeneration
HPRegen 1.26/turn                P - ring of wizardry
MPRegen 0.15/turn                z - +5 ring of evasion

@: exhausted, statue-form (expiring), extremely horrified, on berserk cooldown,
slowed, glowing, studying Long Blades, drained, unable to drink, very slow
A: slow and powerful, torment resistance 1, boosted hp, inability to drink after
injury 2, hated by all, cowardly, inability to train armour, unskilled 1,
(iridescent scales 1), thin skeletal structure 1, low MP 2
a: End Transformation, Renounce Religion, Draw Out Power, Power Leap, Apocalypse


You were on level 2 of the Elven Halls.
You worshipped Ru.
Ru was exalted by your worship.
You were a living statue of rough stone.
You visited 4 branches of the dungeon, and saw 24 of its levels.
You also visited: Ice Cave.

You collected 2997 gold pieces.
You spent 674 gold pieces at shops.

Inventory:

Hand Weapons
 c - a +4 eveningstar of freezing
 q - the +6 shillelagh "Devastator" (weapon) {shatter}
   (You found it on level 4 of the Dungeon)
Missiles
 k - 5 silver boomerangs
 w - 25 poisoned darts (quivered)
 D - 3 throwing nets
Armour
 l - a +2 pair of gloves of infusion (melded)
 v - a +2 pair of boots (melded)
 y - a +0 leather armour of resistance (melded)
 B - a +0 kite shield
 E - the +2 hat of the Bear Spirit (worn) {Spirit, Bear, *Rage Will++}
   (You found it on level 1 of the Elven Halls)

   Bear:      Going berserk makes the wearer tougher, and they're slowed less
   afterward.
   *Rage:     It berserks you when you make melee attacks (+20% chance).
   Will:      It greatly increases your willpower.
 I - a +2 cloak (worn)
 R - a +2 helmet
 T - an orb of light (worn)
Jewellery
 x - a ring of willpower
 z - a +5 ring of evasion (right fist)
 H - a ring of protection from cold
 P - a ring of wizardry (left fist)
 Q - an amulet of regeneration (around neck)
 X - a ring of flight
Wands
 j - a wand of iceblast (3)
 m - a wand of charming (43)
 s - a wand of light (14)
 A - a wand of mindburst (18)
 J - a wand of polymorph (6)
 M - a wand of flame (15)
Scrolls
 e - 6 scrolls of immolation
 i - 7 scrolls of vulnerability
 o - 15 scrolls of teleportation {@r4}
 r - 2 scrolls of amnesia
 G - 3 scrolls of fear
 K - 3 scrolls of blinking
 O - 3 scrolls of brand weapon
 W - 3 scrolls of identify {@r1}
 Y - 2 scrolls of poison
Potions
 b - 8 potions of flight
 d - 2 potions of invisibility
 f - 3 potions of mutation
 g - 8 potions of curing {@q1}
 h - a potion of haste {@q3}
 n - 8 potions of might
 p - 2 potions of brilliance
 t - 5 potions of heal wounds {@q2}
 u - 7 potions of ambrosia
 C - 7 potions of lignification
 F - a potion of resistance
 N - 3 potions of berserk rage
 S - 2 potions of magic
 V - a potion of cancellation
 Z - 2 potions of attraction
Miscellaneous
 a - a lightning rod (4/4)
 U - a phial of floods


   Skills:
 - Level 13.4 Fighting
 - Level 0.8(1.6) Short Blades
 - Level 2.2(2.3) Long Blades
 + Level 10.2 Maces & Flails
 + Level 11.0 Dodging
 - Level 6.0 Stealth
 - Level 3.0 Spellcasting
 - Level 4.3 Conjurations
 - Level 0.8 Translocations
 + Level 12.7 Transmutations
 + Level 10.5 Earth Magic


You had 9 spell levels left.
You knew the following spells:

 Your Spells              Type           Power      Damage    Failure   Level
a - Magic Dart            Conj           56%        1d5       1%          1
b - Statue Form           Tmut/Erth      23%        N/A       8%          6
h - Irradiate             Conj/Tmut      13%        3d16      4%          5

Your spell library contained the following spells:

 Spells                   Type           Power      Damage    Failure   Level
 Sandblast                Erth           64%        2d14      1%          1
 Passwall                 Tmut/Erth      29%        N/A       1%          2
 Stone Arrow              Conj/Erth      46%        3d9       1%          3
 Petrify                  Tmut/Erth      35%        N/A       1%          4
 Blade Hands              Tmut           19%        N/A       1%          5
 Foxfire                  Conj/Fire      32%        2x1d5     2%          1
 Kiss of Death            Conj/Necr      32%        2d7       2%          1
 Lee's Rapid Deconstruct  Erth           16%        3d10*     2%          5
 Slow                     Hex            8%         N/A       6%          1
 Blink                    Tloc           8%         N/A       6%          2
 Leda's Liquefaction      Hex/Erth       8%         N/A       6%          4
 Cigotuvi's Dreadful Rot  Necr/Pois/Air  4%         N/A       9%          2
 Poisonous Vapours        Pois/Air       4%         N/A       9%          2
 Mephitic Cloud           Conj/Pois/Air  6%         N/A       10%         3
 Vhi's Electric Charge    Tloc/Air       6%         N/A       14%         3
 Confusing Touch          Hex            2%         N/A       16%         3
 Kindle Blastsparks       Fire/Tloc/Air  4%         2d10      16%         3
 Iskenderun's Mystic Bla  Conj/Tloc      9%         2d4       19%         4
 Flame Wave               Conj/Fire      8%         2d5       22%         4
 Fulminant Prism          Conj/Hex       4%         3d5       22%         4
 Sticky Flame             Conj/Fire      8%         2d3       22%         4
 Dragon Form              Tmut           19%        N/A       26%         7
 Manifold Assault         Tloc           4%         N/A       36%         4
 Cause Fear               Hex            1%         N/A       45%         4
 Dispel Undead            Necr           2%         3d7       45%         4
 Arcjolt                  Conj/Air       4%         1d14      52%         5
 Metabolic Englaciation   Hex/Ice        1%         N/A       80%         5
 Dispersal                Tloc           2%         N/A       99%         6
 Disjunction              Tloc           2%         N/A       100%        8
 Maxwell's Capacitive Co  Air            1%         ∞         100%        8
 Death's Door             Necr           1%         N/A       100%        9
 Call Imp                 Summ           Unusable   N/A       N/A         2
 Infestation              Necr           Unusable   N/A       N/A         8
 Dragon's Call            Summ           Unusable   N/A       N/A         9

Dungeon Overview and Level Annotations

Branches:
Dungeon (15/15)            Temple (0/1) D:6            Lair (5/5) D:10
  Swamp (0/4) Lair:2       Spider (0/4) Lair:3        Slime (0/5) Lair:5
    Orc (2/2) D:12            Elf (2/3) Orc:2        Vaults (0/5) D:13
 Depths (0/4) D:15          IceCv (visited)

Altars:
Dithmenos
Elyvilon
Gozag
Makhleb
Qazlal
Ru
Sif Muna

Shops:
D:6 ?   D:11 *   Orc:2 :?[?   Elf:2 !

Portals:
Trove: D:10 (give 6 potions of haste)

Annotations:
D:5 1 runed translucent door, arandomgamer's ghost, novice HOFi
D:8 exclusion: hornet
D:10 exclusions: skeletal warrior and wraith
Lair:1 1 runed translucent door, browni3141's ghost, journeyman HuEn
Lair:2 1 runed translucent door, soul19's ghost, journeyman GnFi
Lair:5 exclusion: oklob plant
Orc:1 3 runed translucent doors, Cezoat's ghost, journeyman OpVM; Kuoschy's ghost, journeyman OpDe


Innate Abilities, Weirdness & Mutations

You are a living statue of rough stone.
Your actions are slow, but your melee attacks are powerful.
You are resistant to unholy torment.
Your maximum health is greatly increased.
You are immune to poison.
Your equipment is partially melded.
You sometimes lose the ability to drink potions when taking damage.
You are hated by all.
Your cowardice makes you less effective in combat with threatening foes.
You cannot train Armour skill.
You are somewhat unskilled. (-1 Apt)
((You are partially covered in iridescent scales. (AC +2)))
You have a somewhat thin skeletal structure. (Dex +2, Stealth+)
Your magical capacity is very low. (-20% MP)


Message History

The deep elf elementalist casts a spell at you.
The fireball explodes!
The fireball engulfs you!!
You feel threatened and lose the ability to drink potions!
The fireball engulfs the earth elemental.
The earth elemental completely resists.
The fireball engulfs the earth elemental.
The earth elemental completely resists.
The fireball engulfs the earth elemental.
The earth elemental completely resists.
The earth elemental is stunned by your conviction and fails to attack.
The earth elemental attacks as you move away!
The earth elemental misses you.
The earth elemental attacks as you move away!
The earth elemental hits you!
* * * LOW HITPOINT WARNING * * *
A +2 antimagic glaive comes into view.
You hear the faint whistling of a wind nearby.
The deep elf elementalist misses you.
The deep elf elementalist barely misses you.
The deep elf zephyrmancer begins to cast a spell, but is stunned by your conviction!
The deep elf archer shoots an arrow.
The arrow hits you!
* * * LOW HITPOINT WARNING * * *
The +2 antimagic glaive hits you from afar!!
* * * LOW HITPOINT WARNING * * *
The earth elemental hits you but does no damage.
The deep elf elementalist closely misses you.
You reel with horror at the sight of these foes!
There is an open door here.
Things that are here:
a +0 long sword; an elf corpse You hit the deep elf elementalist but do no damage.
The deep elf elementalist is lightly wounded.
The deep elf elementalist begins to cast a spell, but is stunned by your conviction!
The +2 antimagic glaive hits you but does no damage.
You redirect the deep elf elementalist's attack!
The deep elf elementalist hits you with a +2 dagger of draining!
* * * LOW HITPOINT WARNING * * *
The +2 antimagic glaive closely misses you.
The earth elemental hits you!
You die...

*,,,,,,...####,*,,,,,,,**,****,
*******#.....+******+*****,**,,
##.....## *,* **+,,, #.......#
*,* **,,,, ##.......## *,*
**,,,,, #.........# *,*
**,,,,,,
*#......(#*####+####*,,,,,
#......e###.......#*+,,,,
##..)..#8E.E......#+**,,,
#.....#EE)ee)..)..****,,
###'###..)........** **, #.#
##..E..!....,* ** #.#
*#..)....)..,** #.#
*...........,,**** #.#
##?.........,,,,,, #.#
#$.........,,,,,, #.#
##.........,,****


You could see a deep elf elementalist (fast, repels missiles), a deep elf archer
(repels missiles), 5 earth elementals, a deep elf zephyrmancer and a +2
antimagic glaive.

Vanquished Creatures
  Rupert (D:14)
  An emperor scorpion (D:15)
  A deep elf sorcerer (Elf:1)
  A deep elf annihilator (Elf:1)
  A dire elephant (D:15)
  Nessos (D:12)
  A deep elf death mage (Elf:1)
  A fire dragon (Lair:5)
  7 hydras
  A catoblepas (Lair:2)
  4 centaur warriors
  A boulder beetle (D:12)
  3 death yaks (Lair:5)
  4 two-headed ogres
  A death knight (D:14)
  4 orc high priests
  4 dancing weapons
  2 deep elf knights
  2 wizards
  2 swamp dragons
  A phantasmal warrior (D:12)
  5 orc knights
  4 deep elf archers
  17 deep elf zephyrmancers
  A necromancer (D:13)
  11 deep elf pyromancers
  4 orc sorcerers
  A manticore (D:15)
  5 cyclopes
  A salamander (D:15)
  20 ugly things
  6 elephants (Lair:5)
  6 black mambas
  3 ice statues (IceCv)
  3 gargoyles
  A torpor snail (Lair:5)
  Maggie (D:9)
  7 cane toads
  3 rime drakes (Lair:5)
  4 kobold demonologists
  An efreet (D:12)
  A freezing wraith (D:12)
  20 komodo dragons
  A tengu conjurer (D:15)
  7 trolls
  A queen bee (D:11)
  A meliai (shapeshifter) (D:14)
  2 hornets
  10 polar bears
  9 blink frogs
  4 raiju (Lair:5)
  3 jumping spiders (Lair:3)
  13 slime creatures
  40 yaks
  An air elemental (Elf:1)
  6 wraiths
  2 basilisks (Lair:5)
  A shadow (D:12)
  A wyvern (Lair:2)
  A vampire (D:13)
  Eustachio (D:6)
  A fire elemental (Elf:2)
  3 steam dragons
  A death yak simulacrum (IceCv)
  2 redbacks (Lair:3)
  6 vampire mosquitoes
  2 harpy simulacra (IceCv)
  5 wargs
  16 water moccasins
  A hydra simulacrum (IceCv)
  13 hell hounds (Lair:5)
  5 acid dragons
  13 orc warriors
  15 black bears
  4 ice beasts
  A swamp drake (Lair:5)
  A sky beast (D:8)
  5 ogres
  22 wolves
  4 boggarts (Lair:4)
  7 centaurs
  A kobold brigand (D:9)
  2 phantoms (D:12)
  An earth elemental (Elf:1)
  15 bullfrogs
  3 necrophages
  2 gnoll sergeants (D:9)
  4 scorpions
  3 cane toad simulacra (IceCv)
  A troll zombie (D:12)
  2 wights
  39 killer bees
  A howler monkey (D:9)
  An electric eel (Lair:4)
  6 crimson imps (D:8)
  4 hounds
  Crazy Yiuf (D:7)
  A gnoll bouda (D:6)
  17 orc priests
  8 iguanas
  4 hell rats (Lair:2)
  19 orc wizards
  A polar bear simulacrum (IceCv)
  7 ogre zombies (D:12)
  4 adders
  19 gnolls
  5 shadow imps
  A white imp (D:8)
  3 ufetubi (D:5)
  3 worms
  A dart slug (D:3)
  77 orcs
  4 ball pythons
  5 endoplasms
  4 giant cockroaches
  2 goblins
  6 hobgoblins
  18 kobolds
  5 quokkas
  7 bats
  11 frilled lizards
  A goblin skeleton (D:12)
  2 goblin zombies (D:12)
  A hobgoblin skeleton (D:12)
  2 hobgoblin zombies (D:12)
  An orc skeleton (D:12)
  18 orc zombies (D:12)
  3 rats
746 creatures vanquished.

Vanquished Creatures (others)
  A deep elf zephyrmancer (Elf:2)
  An orc warrior (Orc:2)
  A wolf (Lair:5)
  A crimson imp (D:8)
  A kobold (D:9)
  A rat (D:2)
  63 fungi
  110 plants
179 creatures vanquished.

Grand Total: 925 creatures vanquished

Notes
Turn   | Place    | Note
-------+----------+-------------------------------------------
     0 | D:1      | freelancePsychic the Human Hedge Wizard began the quest for
                  | the Orb.
     0 | D:1      | Reached XP level 1. HP: 13/13 MP: 4/4
   203 | D:1      | Reached XP level 2. HP: 19/19 MP: 1/6
   643 | D:1      | Reached XP level 3. HP: 14/24 MP: 1/7
  1091 | D:2      | Found a faded altar of an unknown god.
  1101 | D:2      | Prayed at the altar of an unknown god.
  1101 | D:2      | Became a worshipper of Ru the Awakened
  1109 | D:2      | Gained mutation: You are somewhat unskilled. (-1 Apt) [Ru
                  | sacrifice]
  1109 | D:2      | Reduced skill Dodging to level 1
  1109 | D:2      | Reached * piety under Ru
  1633 | D:2      | Reached XP level 4. HP: 25/30 MP: 0/8
  2708 | D:3      | Reached XP level 5. HP: 27/36 MP: 2/9
  2885 | D:3      | Found a stormy altar of Qazlal.
  3027 | D:3      | Reached skill level 1 in Fighting
  3569 | D:4      | You fall into a shaft and drop 1 floor!
  3569 | D:5      | Entered Level 5 of the Dungeon
  3569 | D:5      | Found a white marble altar of Elyvilon.
  3773 | D:5      | Reached skill level 1 in Long Blades
  3773 | D:5      | Reached XP level 6. HP: 37/43 MP: 5/10
  3853 | D:5      | Reached skill level 2 in Fighting
  4271 | D:4      | Gained mutation: You occasionally lose the ability to drink
                  | potions when taking damage. [Ru sacrifice]
  4271 | D:4      | Gained mutation: You sometimes lose the ability to drink
                  | potions when taking damage. [Ru sacrifice]
  4271 | D:4      | Reached ** piety under Ru
  4312 | D:4      | Found the +6 shillelagh "Devastator" {shatter}
  4367 | D:4      | Reached XP level 7. HP: 51/51 MP: 9/11
  4693 | D:4      | Found a sacrificial altar of Ru.
  4717 | D:4      | Found a blossoming altar of Fedhas.
  4800 | D:4      | Reached skill level 3 in Fighting
  4800 | D:4      | Reached skill level 1 in Maces & Flails
  5368 | D:5      | Found a runed translucent door.
  5375 | D:5      | Noticed arandomgamer's ghost (novice HOFi)
  5449 | D:5      | Found a shimmering blue altar of Sif Muna.
  5532 | D:5      | Identified the +12 quarterstaff of the Warrior-Mage {holy,
                  | Str+3}
  5937 | D:6      | Reached skill level 4 in Fighting
  5937 | D:6      | Reached XP level 8. HP: 56/60 MP: 9/12
  6247 | D:6      | Noticed Eustachio
  6304 | D:6      | Reached skill level 5 in Fighting
  6314 | D:6      | Found a staircase to the Ecumenical Temple.
  6365 | D:6      | Killed Eustachio
  6521 | D:6      | Found a burning altar of Makhleb.
  6608 | D:6      | Reached skill level 5 in Maces & Flails
  6608 | D:6      | Reached XP level 9. HP: 69/69 MP: 8/13
  6895 | D:6      | Found Aceiv's Magic Scroll Emporium.
  6898 | D:6      | Bought a scroll of fear for 52 gold pieces
  6898 | D:6      | Bought a scroll of magic mapping for 97 gold pieces
  6902 | D:6      | Gained mutation: You have a pair of small antennae on your
                  | head. [potion of mutation]
  6902 | D:6      | Gained mutation: Your spells are a little harder to cast,
                  | but a little more powerful. [potion of mutation]
  6902 | D:6      | Gained mutation: You expend magic power (3 MP) to
                  | strengthen your wands. [potion of mutation]
  7075 | D:6      | Gained mutation: You are hated by all. [Ru sacrifice]
  7075 | D:6      | Reached *** piety under Ru
  7075 | D:6      | Reached **** piety under Ru
  7159 | D:7      | Found a runed translucent door.
  7160 | D:7      | Noticed Crazy Yiuf
  7198 | D:7      | Killed Crazy Yiuf
  7199 | D:7      | Reached skill level 6 in Fighting
  8602 | D:8      | Reached skill level 7 in Fighting
  8698 | D:8      | Noticed a hornet
  8799 | D:8      | Reached XP level 10. HP: 75/79 MP: 10/14
  9146 | D:8      | Reached skill level 5 in Dodging
  9518 | D:9      | Noticed Maggie
  9536 | D:9      | Killed Maggie
  9553 | D:9      | Reached skill level 8 in Fighting
  9722 | D:9      | Reached skill level 5 in Stealth
  9868 | D:9      | Reached XP level 11. HP: 70/87 MP: 1/15
 10845 | D:10     | Entered Level 10 of the Dungeon
 10889 | D:10     | Reached skill level 9 in Fighting
 11100 | D:10     | Found the +5 scythe "Finisher" {speed, eviscerate}
 11103 | D:10     | Noticed a skeletal warrior
 11144 | D:10     | Found a portal to a secret trove of treasure.
 11167 | D:10     | Noticed a two-headed ogre
 11254 | D:10     | Killed a two-headed ogre
 11460 | D:10     | Reached skill level 10 in Fighting
 11647 | D:10     | Found a staircase to the Lair.
 11730 | D:10     | Reached skill level 1 in Transmutations
 12220 | D:11     | Lost mutation: You expend magic power (3 MP) to strengthen
                  | your wands. [potion of mutation]
 12220 | D:11     | Lost mutation: You have a pair of small antennae on your
                  | head. [potion of mutation]
 12220 | D:11     | Lost mutation: Your spells are a little harder to cast, but
                  | a little more powerful. [potion of mutation]
 12220 | D:11     | Gained mutation: You are partially covered in iridescent
                  | scales. (AC +2) [potion of mutation]
 12220 | D:11     | Gained mutation: Your magical capacity is low. (-10% MP)
                  | [potion of mutation]
 12220 | D:11     | Gained mutation: You have a somewhat thin skeletal
                  | structure. (Dex +2, Stealth+) [potion of mutation]
 12231 | D:11     | Found Bukh's Gadget Gallery.
 12269 | Lair:1   | Entered Level 1 of the Lair of Beasts
 12292 | Lair:1   | Reached XP level 12. HP: 88/98 MP: 12/14
 12713 | Lair:1   | Found a runed translucent door.
 12715 | Lair:1   | Noticed browni3141's ghost (journeyman HuEn)
 12715 | Lair:1   | Noticed an eight-headed hydra
 13362 | Lair:1   | Gained mutation: You cannot train Armour skill. [Ru
                  | sacrifice]
 13362 | Lair:1   | Reached ***** piety under Ru
 13509 | Lair:2   | Noticed a swamp dragon
 13509 | Lair:2   | Found a staircase to the Swamp.
 13651 | Lair:2   | Reached skill level 11 in Fighting
 13676 | Lair:2   | Killed a swamp dragon
 13680 | Lair:2   | Noticed a catoblepas
 13710 | Lair:2   | Killed a catoblepas
 14138 | Lair:2   | Found a runed translucent door.
 14140 | Lair:2   | Noticed soul19's ghost (journeyman GnFi)
 14141 | Lair:2   | Identified the +1 ring mail of Eternity {Fly}
 14349 | Lair:2   | Identified the +1 trident of the Enchanting Gods {venom,
                  | Dex+2 Stlth+}
 14349 | Lair:2   | Noticed a spriggan rider
 14564 | Lair:3   | Reached skill level 5 in Transmutations
 14584 | Lair:3   | Found a hole to the Spider Nest.
 14784 | Lair:3   | Got the Directory of Combat Magic
 14901 | Lair:3   | Learned a level 5 spell: Irradiate
 15596 | Lair:4   | Gained mutation: Your cowardice makes you less effective in
                  | combat with threatening foes. [Ru sacrifice]
 15596 | Lair:4   | Reached ****** piety under Ru
 15618 | Lair:4   | Reached XP level 13. HP: 88/107 MP: 11/15
 15682 | Lair:4   | Reached skill level 12 in Fighting
 15986 | Lair:4   | Noticed a seven-headed hydra
 15992 | Lair:4   | Killed a seven-headed hydra
 15993 | Lair:4   | Reached skill level 1 in Earth Magic
 16272 | Lair:5   | Entered Level 5 of the Lair of Beasts
 16372 | Lair:5   | Noticed a seven-headed hydra
 16383 | Lair:5   | Killed a seven-headed hydra
 16385 | Lair:5   | Found a frozen archway.
 16492 | IceCv    | Entered an ice cave
 16502 | IceCv    | Reached skill level 13 in Fighting
 16556 | IceCv    | Reached XP level 14. HP: 59/115 MP: 3/16
 16786 | IceCv    | Learned a level 6 spell: Statue Form
 16881 | Lair:5   | Reached skill level 5 in Earth Magic
 18142 | Lair:5   | Reached skill level 10 in Transmutations
 19571 | D:12     | Found a staircase to the Orcish Mines.
 19601 | D:12     | Reached XP level 15. HP: 87/107 MP: 0/17
 21022 | D:12     | Noticed Nessos
 21109 | D:12     | Killed Nessos
 21228 | Orc:1    | Entered Level 1 of the Orcish Mines
 21228 | Orc:1    | Found a runed translucent gate.
 21228 | Orc:1    | Found a runed translucent gate.
 21228 | Orc:1    | Found a runed translucent gate.
 21350 | Orc:1    | Noticed Kuoschy's ghost (journeyman OpDe)
 21350 | Orc:1    | Noticed Cezoat's ghost (journeyman OpVM)
 21489 | Orc:2    | Entered Level 2 of the Orcish Mines
 21671 | Orc:2    | Found a staircase to the Elven Halls.
 21770 | Orc:2    | Found Rogroh's Book Shop.
 21770 | Orc:2    | Found Raynlued's Magic Scroll Shoppe.
 21847 | Orc:2    | Found Zaysiuwo's Antique Armour Shop.
 21847 | Orc:2    | Found Tiwiasath's Magic Scroll Shoppe.
 21857 | Orc:2    | Bought a scorched cloak for 285 gold pieces
 21857 | Orc:2    | Identified the -2 cloak "Geawned" {*Corrode Str+3 Dex+4}
                  | (You bought it in a shop on level 2 of the Orcish Mines)
 22007 | Orc:2    | Found a burning altar of Makhleb.
 22357 | D:13     | Found the +16 obsidian axe {drain, demonic, Mesm Drain Fly
                  | SInv}
 23001 | D:13     | Found a gate to the Vaults.
 23304 | D:14     | Found an opulent altar of Gozag.
 23324 | D:14     | Noticed Rupert
 23568 | D:14     | Found a shadowy altar of Dithmenos.
 23834 | D:14     | Killed Rupert
 24097 | D:14     | Reached skill level 10 in Dodging
 24492 | D:15     | Entered Level 15 of the Dungeon
 24617 | D:15     | Reached XP level 16. HP: 116/116 MP: 1/18
 24798 | D:15     | Noticed an emperor scorpion
 24798 | D:15     | Gained mutation: Your magical capacity is very low. (-20%
                  | MP) [mutagenic glow]
 24805 | D:15     | Paralysed by an orc sorcerer for 3 turns
 24815 | D:15     | Killed an emperor scorpion
 25558 | D:15     | Found a staircase to the Depths.
 25685 | D:15     | Upgraded the game from 0.30-a0-802-gb92711bcdf to
                  | 0.30-a0-808-g6e0788376e
 25685 | D:15     | Upgraded the game from 0.30-a0-808-g6e0788376e to
                  | 0.30-a0-824-g6c64550be9
 25848 | Elf:1    | Entered Level 1 of the Elven Halls
 25848 | Elf:1    | Noticed a deep elf sorcerer
 25848 | Elf:1    | Found the +2 hat of the Bear Spirit {Spirit, Bear, *Rage
                  | Will++}
 25848 | Elf:1    | Found a runed translucent gate.
 25848 | Elf:1    | Found a runed translucent gate.
 25848 | Elf:1    | Found a runed translucent gate.
 25848 | Elf:1    | Found a runed translucent gate.
 25848 | Elf:1    | Found a runed translucent gate.
 25848 | Elf:1    | Found a runed translucent gate.
 25849 | Elf:1    | Found a runed translucent door.
 25885 | Elf:1    | Found a runed translucent door.
 25888 | Elf:1    | Killed a deep elf sorcerer
 25889 | Elf:1    | Reached skill level 10 in Earth Magic
 26052 | Elf:1    | Paralysed by an air elemental for 1 turns
 26391 | Elf:1    | Got Vismih's Vellum of Dhcmrlchtdj
 26434 | Elf:2    | Found Wocuat's Distillery.
 26452 | Elf:2    | Bought a potion of invisibility for 120 gold pieces
 26452 | Elf:2    | Bought a potion of invisibility for 120 gold pieces
 26457 | Elf:2    | Reached skill level 10 in Maces & Flails
 26528 | Elf:2    | HP: 6/157 [deep elf elementalist/+2 dagger of draining (8)]
 26528 | Elf:2    | Slain by an earth elemental

Illustrated notes

Levels and vault maps discovered:
D:1:      dpeg_arrival_prison, layout_rooms
D:2:      minmay_general_purpose_star, layout_loops_cross,
          shapermc_ecumenical_altar_totnotflames, minmay_lizard_king
D:3:      layout_basic, mainiacjoe_overflow_alcove_1
D:4:      layout_basic, pf_just_have_faith, mainiacjoe_overflow_paths,
          dk_noncrumbling_4, kennysheep_path_1
D:5:      layout_rooms, mainiacjoe_overflow_catwalk,
          mainiacjoe_overflow_24_doors, ebering_ghost_sewer_d
D:6:      layout_basic, lightli_temple_of_fire, minmay_temple_entry_nine_rooms,
          serial_shops, kennysheep_mini_moat, uniq_eustachio
D:7:      layout_gridville, minmay_checkerbox, uniq_crazy_yiuf_cottage
D:8:      layout_loops_cross, minmay_nine_imps
D:9:      layout_long_grid, special_room [special_room_orc], minmay_hedge_maze,
          minmay_starry_boxes, uniq_maggie
D:10:     layout_basic, due_lair_maze_entry_diamond,
          nicolae_trove_entry_free_sample, minmay_guarded_unrand_finisher
D:11:     layout_roguey [special_room_bee], nicolae_shop_gadgets
D:12:     hourglass_vault, layout_basic, zombieorc2_lemuel, uniq_nessos
D:13:     layout_roguey, david_vaults_1, dreamdust_deal_with_the_devil
D:14:     layout_layer_cave, nicolae_dithmenos_the_darkroom,
          grunt_gozag_statues, uniq_rupert
D:15:     hangedman_depths_entry_try_elsewhere_first, layout_irregular_city,
          grunt_decor_clamped
Lair:1:   layout_cave_pods, ebering_ghost_inner_flame, lemuel_fruit_tree
Lair:2:   layout_roguey, minmay_swamp_entry_reptiles,
          ebering_ghost_funeral_grove, uniq_sonja
Lair:3:   layout_regular_city, spider_nest_entry_a, beast_lair_carwin_6,
          grunt_megastairs_5
Lair:4:   layout_big_grid, st_stairs_11, serial_bayou_ford_a,
          kilobyte_rumbling_trees
Lair:5:   hangedman_lair_caniforms_friends, layout_gridlike,
          guppyfry_lair_end_dragon, minmay_slime_entry_oklob_enclosed,
          portal_ice_cave_entry_pillars_2, lemuel_old_faithful
Orc:1:    layout_diamond_mine, serial_shops, shop_statue,
          gammafunk_ghost_cemetery, uniq_erolcha
Orc:2:    grunt_orc_tribal_feast, layout_diamond_mine, basic_altar
Elf:1:    nicolae_elf_arrival_dilemma, layout_geoelf_octagon,
          minmay_elf_crystal_heptagon, bh_hangedman_babel_library
Elf:2:    nicolae_elf_blades_splatter_lattice [infiniplex_blade_entry_pillars],
          layout_geoelf_diagonals, portal_desolation_entry_holy_temple,
          serial_shops, nicolae_shop_advertising_works
          [nicolae_subvault_shop_adworks]

Skill      XL: |  1  2  3  4  5  6  7  8  9 10 11 12 13 14 15 16 |
---------------+-------------------------------------------------+-----
Stealth        | 3 4 5 6 |  6.0
Dodging        | 1 4 5 8 10 11 | 11.0
Spellcasting   | 3 |  3.0
Summonings     | 0 |  0.0
Translocations | 0 |  0.8
Fighting       | 1 2 4 5 7 8 10 11 13 | 13.4
Long Blades    | 1 2 |  2.2
Maces & Flails | 2 5 6 7 9 10 | 10.2
Transmutations | 2 6 8 10 11 12 | 12.7
Conjurations   | 4 |  4.3
Earth Magic    | 4 7 9 10 | 10.5
Short Blades   | |  0.8

Action                     |  1- 3 |  4- 6 |  7- 9 | 10-12 | 13-15 | 16-18 || total
---------------------------+-------+-------+-------+-------+-------+-------++-------
  Melee: Dagger            |    68 |    68 |       |       |       |       ||   136
         Punch             |     1 |       |       |     2 |       |       ||     3
         Falchion          |       |    76 |       |       |       |       ||    76
         Shillelagh        |       |     2 |   138 |   392 |   605 |   171 ||  1308
  Throw: Dart              |       |       |       |    27 |    10 |       ||    37
   Cast: Magic Dart        |    68 |    38 |    13 |     1 |       |       ||   120
         Statue Form       |       |       |       |       |     6 |    12 ||    18
         Irradiate         |       |       |       |       |     3 |       ||     3
 Invoke: Sacrifice Skill   |     1 |       |       |       |       |       ||     1
         Sacrifice Drink   |       |     1 |       |       |       |       ||     1
         Sacrifice Love    |       |       |     1 |       |       |       ||     1
         Draw Out Power    |       |       |       |     4 |     2 |     1 ||     7
         Reject Sacrifices |       |       |       |     1 |       |       ||     1
         Apocalypse        |       |       |       |     1 |     9 |     3 ||    13
         Sacrifice Courage |       |       |       |     1 |       |       ||     1
         Sacrifice Durabil |       |       |       |     1 |       |       ||     1
  Evoke: Wand              |       |     3 |       |     4 |     5 |       ||    12
         Phial of floods   |       |       |       |       |     1 |       ||     1
    Use: Potion            |     3 |       |     1 |     1 |     3 |     1 ||     9
         Scroll            |       |       |     9 |     6 |    10 |     4 ||    29
   Stab: Sleeping          |       |     2 |     7 |     6 |     1 |       ||    16
         Invisible         |       |       |     1 |     3 |     3 |     2 ||     9
         Distracted        |       |       |       |     5 |     7 |     1 ||    13
         Paralysed         |       |       |       |     2 |    16 |     6 ||    24
 Armour: Robe              |    19 |     3 |       |       |       |       ||    22
         Leather armour    |       |    42 |    28 |    10 |    88 |     6 ||   174
         Acid dragon scale |       |       |       |    43 |    18 |       ||    61
         Skin              |       |       |       |       |    22 |   101 ||   123
  Dodge: Dodged            |    53 |    79 |    65 |   240 |   480 |   223 ||  1140

Table legend: (Time is in decaauts)
 A = Elapsed time spent in this place.
 B = Non-inter-level travel time spent in this place.
 C = Inter-level travel time spent in this place.
 D = Time resting spent in this place.
 E = Time spent auto-exploring this place.
 F = Levels seen in this place.
 G = Mean time per level.
                   A        B        C        D        E       F      G
               +--------+--------+--------+--------+--------+-----+--------+
         Total |  26813 |  25532 |   1281 |   1195 |  19990 |  25 | 1072.5 |
       Dungeon |  18457 |  17568 |    889 |    862 |  13945 |  15 | 1230.5 |
          Lair |   6087 |   5849 |    238 |    113 |   4702 |   5 | 1217.4 |
  Orcish Mines |   1163 |   1047 |    116 |      0 |    912 |   2 |  581.5 |
   Elven Halls |    814 |    777 |     37 |     78 |    379 |   2 |  407.0 |
      Ice Cave |    290 |    290 |      0 |    142 |     52 |   1 |  290.0 |
               +--------+--------+--------+--------+--------+-----+--------+

Top non-repeatable levels by time:
  Lair:5: 1962 daAuts
     D:9: 1475 daAuts
    D:12: 1468 daAuts
    D:10: 1406 daAuts
    D:15: 1348 daAuts
     D:3: 1332 daAuts
     D:2: 1318 daAuts
     D:6: 1295 daAuts
  Lair:1: 1271 daAuts
    D:14: 1262 daAuts
     D:5: 1202 daAuts
     D:4: 1188 daAuts
     D:7: 1123 daAuts
    D:11: 1121 daAuts
     D:8: 1021 daAuts
